 Dungeon Crawl Stone Soup version 0.20.1-1-g8b1a95d (webtiles) character file.

485 Lanoc the Scratcher (level 6, -1/28 HPs)
             Began as a Felid Monk on Nov 23, 2017.
             Slain by an ogre
             ... wielding a +0 giant club
              (29 damage)
             ... on level 5 of the Dungeon.
             The game lasted 00:21:44 (3238 turns).

Lanoc the Scratcher (Felid Monk)                    Turns: 3238, Time: 00:21:45

Health: -1/28      AC:  2    Str:  9    XL:     6   Next: 88%
Magic:  8/8        EV: 21    Int: 11    God:
Gold:   169        SH:  0    Dex: 19    Spells: 5/5 levels left
                                        Lives:  0   Deaths: 2

rFire    . . .     SeeInvis +     - Unarmed
rCold    . . .     Gourm    .   (shield unavailable)
rNeg     . . .     Faith    .   (armour unavailable)
rPois    .         Spirit   .   (helmet unavailable)
rElec    .         Reflect  .   (cloak unavailable)
rCorr    .         Harm     .   (gloves unavailable)
MR       +....                  (boots unavailable)
Stlth    ++++......             v - amulet of rage
Regen    0.1/turn               y - ring of protection from magic
MPRegen  0.2/turn               w - +6 ring of slaying

@: quick
A: no armour, no weapons or thrown items, stealth, claws 1, fangs 3, see
invisible, carnivore 3, speed 1, shaggy fur 2, slow metabolism 1, sharp paws
a: Evoke Berserk Rage


You were on level 5 of the Dungeon.
You were completely stuffed.

You visited 1 branch of the dungeon, and saw 5 of its levels.

You collected 211 gold pieces.
You spent 42 gold pieces at shops.

Inventory:

Jewellery
 m - an uncursed ring of protection from fire
 v - an amulet of rage (around neck)
 w - a +6 ring of slaying (right paw)
 x - an uncursed ring of protection from fire
 y - a ring of protection from magic (left paw)
Wands
 l - a wand of disintegration (17/24)
 u - a wand of random effects (25/48)
Scrolls
 c - 3 scrolls of enchant weapon {unknown}
 f - 2 scrolls of fog {unknown}
 g - 2 scrolls of fear {unknown}
 p - a scroll of teleportation {unknown}
 q - a scroll of recharging {unknown}
 s - a scroll of immolation {unknown}
Potions
 b - a potion of resistance {unknown}
 d - 3 potions of heal wounds
 e - 3 potions of lignification {unknown}
 i - 2 potions of mutation {unknown}
 j - 2 potions of flight {unknown}
 k - a potion of magic {unknown}
 n - a potion of degeneration {unknown}
 o - 2 potions of curing
 r - 2 potions of agility {unknown}
Books
 t - a book of Frost

   Spells                             Type                      Level
   a - Freeze                         Ice                          1
   b - Throw Frost                    Conjuration/Ice              2
   c - Ozocubu's Armour               Charms/Ice                   3
   d - Throw Icicle                   Conjuration/Ice              4
   e - Summon Ice Beast               Ice/Summoning                4
Comestibles
 a - 6 meat rations
 h - 3 royal jellies
 z - 3 chunks of flesh


   Skills:
 + Level 3.5 Fighting
 + Level 5.5 Dodging
 + Level 7.0 Stealth
 + Level 7.2 Unarmed Combat
 + Level 2.1 Evocations


You had 5 spell levels left.
You didn't know any spells.

Dungeon Overview and Level Annotations

Branches:
Dungeon (5/15)
 Temple: D:4-7

Altars:
Ashenzari
Elyvilon
Kikubaaqudgha
Trog
Yredelemnul

Shops:
D:4 !


Innate Abilities, Weirdness & Mutations

You cannot wear armour.
You are incapable of wielding weapons or throwing items.
Your paws allow you to move quietly. (Stealth)
You have sharp claws.
You have razor-sharp teeth.
You have supernaturally acute eyesight. (SInv)
You are carnivorous and can eat meat at any time.
You cover ground quickly.
You are covered in thick fur. (AC +2)
You have a slow metabolism.
Your sharp claws are effective at attacking unaware monsters.


Message History

z - 9 chunks of flesh (gained 4)
Things that are here:
a flail; a ring mail Eating one of 9 chunks of flesh.
You eat one of the 9 chunks of flesh.
This raw flesh tastes great.
Eating one of 8 chunks of flesh.
You eat one of the 8 chunks of flesh.
This raw flesh tastes great.
Eating one of 7 chunks of flesh.
You eat one of the 7 chunks of flesh.
This raw flesh tastes great.
Eating one of 6 chunks of flesh.
You eat one of the 6 chunks of flesh.
This raw flesh tastes great.
Eating one of 5 chunks of flesh.
You eat one of the 5 chunks of flesh.
This raw flesh tastes great.
Eating one of 4 chunks of flesh.
You eat one of the 4 chunks of flesh.
This raw flesh tastes great.
j - 2 murky black potions (gained 1)
The ogre shouts!
The ogre hits you with a +0 giant club!!
Ouch! That really hurt!
You die...

...............##. #.#.#
...............##.. #.#.#
...............# #.##.#.#
####....†....######%.#.#.#
##.#....O#.....#.#.#.#.#...
#.#.#...#.#...#.#.#.#.#.#..
##.#.....#+...'#.#.#.#.#+..
#.#.#.#.#.#...#.#.#.#.#.#..
##.#.#.#.#@O..+#.#.#.#.#...
#.#.#.#.#.#...#.#.#.#.#.#.#
##.#.#.#.#.#+#.#.#.#.#.#.#.
#.#.#.#.#.#.#.#.#.#.#.#.#..
##.#.#.#+#+#.#.#.#.#.#.#.#)
#.#.#.#.......#.#.#.#.#.#+.
#.#.#+....).#.#%#.#.#.#.#.
#######.#.#.#.......#.#.#.#.#.#+.
#........#.#.#+#.#.#.#)#.#.#.#.#.


You could see an ogre.

Vanquished Creatures
  Sigmund (D:5)
  A sky beast (D:5)
  A necrophage (D:4)
  Blork the orc (D:4)
  A hound (D:4)
  2 orc priests (D:5)
  2 bullfrog skeletons
  3 worker ants
  3 orc wizards (D:4)
  A killer bee zombie (D:3)
  10 adders
  2 oozes
  4 leopard geckos
  19 orcs
  10 bats
  A giant cockroach (D:2)
  7 goblins
  5 hobgoblins
  9 jackals
  A quokka (D:4)
  A ball python skeleton (D:4)
  3 frilled lizards
  A jackal skeleton (D:4)
  9 kobolds
  7 rats
105 creatures vanquished.

Vanquished Creatures (others)
  A human (D:4)
1 creature vanquished.

Grand Total: 106 creatures vanquished

Notes
Turn   | Place    | Note
-------+----------+-------------------------------------------
     0 | D:1      | Lanoc the Felid Monk began the quest for the Orb.
     0 | D:1      | Reached XP level 1. HP: 10/10 MP: 2/2
   179 | D:1      | Reached XP level 2. HP: 13/14 MP: 3/3
   575 | D:2      | Reached XP level 3. HP: 14/17 MP: 4/4
  1272 | D:3      | Found a shattered altar of Ashenzari.
  1296 | D:3      | Reached XP level 4. HP: 19/21 MP: 5/5
  1399 | D:3      | Slain by an adder
  1400 | D:3      | Reached XP level 3. HP: 0/17 MP: 4/4
  1613 | D:3      | Reached XP level 4. HP: 21/21 MP: 5/5
  1797 | D:3      | Found an ancient bone altar of Kikubaaqudgha.
  1797 | D:3      | Found a white marble altar of Elyvilon.
  1874 | D:3      | Found a basalt altar of Yredelemnul.
  2061 | D:4      | Found Rane Xuf's Distillery.
  2079 | D:4      | Reached skill level 5 in Unarmed Combat
  2079 | D:4      | Reached XP level 5. HP: 23/24 MP: 6/6
  2082 | D:4      | Bought a potion of curing for 42 gold pieces
  2271 | D:4      | Reached skill level 5 in Stealth
  2271 | D:4      | Gained mutation: You are covered in thick fur. (AC +2) [Felid growth]
  2271 | D:4      | Reached XP level 6. HP: 12/28 MP: 7/7
  2372 | D:4      | Found a bloodstained altar of Trog.
  2403 | D:4      | Noticed Blork the orc
  2413 | D:4      | Killed Blork the orc
  2429 | D:4      | Found an ancient bone altar of Kikubaaqudgha.
  2429 | D:4      | Noticed a human
  2432 | D:4      | Killed a human
  2438 | D:4      | Reached skill level 5 in Dodging
  2783 | D:4      | Reached skill level 1 in Evocations
  2794 | D:4      | Reached XP level 7. HP: 17/31 MP: 8/8
  3084 | D:5      | Entered Level 5 of the Dungeon
  3106 | D:5      | Noticed Sigmund
  3114 | D:5      | Killed Sigmund
  3168 | D:5      | Slain by an ogre
  3169 | D:5      | Reached XP level 6. HP: -2/28 MP: 8/8
  3238 | D:5      | Slain by an ogre

Skill      XL: |  1  2  3  4  5  6  7 |
---------------+----------------------+-----
Stealth        | 3 4 5 6 7 |  7.0
Unarmed Combat | 4 5 6 7 |  7.2
Dodging        | 5 |  5.5
Evocations     | 2 |  2.1
Fighting       | |  3.5

Action                   |  1- 3 |  4- 6 |  7- 9 || total
-------------------------+-------+-------+-------++-------
Melee: Unarmed           |   142 |   143 |    11 ||   296
       Bite              |    14 |    11 |     1 ||    26
       Punch             |     4 |     2 |     1 ||     7
 Abil: Evoke Berserk Rag |       |     4 |     1 ||     5
  Use: Potion            |       |     2 |     1 ||     3
 Stab: Sleeping          |     9 |     8 |     3 ||    20
       Distracted        |     1 |     1 |       ||     2
  Eat: Chunk             |    14 |    11 |     3 ||    28
Armor: Skin              |     7 |     4 |       ||    11
Dodge: Dodged            |   118 |   127 |     4 ||   249
